 Dungeon Crawl Stone Soup version 0.30-a0-394-g3e4acdb0ae (webtiles) character file.

Game seed: 11096362864844836839

287 atabob the Conjurer (level 6, -8/46 HPs)
             Began as a Human Conjurer on Apr 28, 2022.
             Mangled by a gnoll bouda
             ... wielding a +0 whip
              (13 damage)
             ... on level 3 of the Dungeon on Dec 6, 2022.
             The game lasted 00:12:25 (3017 turns).

atabob the Conjurer (Human Conjurer)                Turns: 3017, Time: 00:12:26

Health: -8/46      AC:  2    Str:  8    XL:     6   Next: 56%
Magic:  2/10       EV: 12    Int: 20    God:
Gold:   134        SH:  8    Dex: 11    Spells: 9/11 levels left

rFire   . . .      SeeInvis .    r - +4 mace
rCold   . . .      Faith    .    i - +0 buckler
rNeg    . . .      Spirit   .    a - +0 robe
rPois   .          Reflect  +    (no helmet)
rElec   .          Harm     .    g - scarf {repulsion}
rCorr   .          Rampage  .    (no gloves)
Will    .....                    (no boots)
Stlth   ++........               m - amulet of reflection
HPRegen 0.27/turn                (no ring)
MPRegen 0.12/turn                (no ring)

@: weakened, repel missiles
A: no striking features
a: no special abilities


You were on level 3 of the Dungeon.
You visited 1 branch of the dungeon, and saw 4 of its levels.

You collected 134 gold pieces.

Inventory:

Hand Weapons
 r - a +4 mace (weapon)
 s - a +0 flail of holy wrath
Armour
 a - a +0 robe (worn)
 g - a scarf of repulsion (worn)
 i - a +0 buckler (worn)
Jewellery
 m - an amulet of reflection (around neck)
Scrolls
 t - a scroll of enchant armour {unknown}
Potions
 b - a potion of magic
 c - 2 potions of lignification
 d - a potion of might {unknown}
 e - a potion of haste {unknown}
 h - 2 potions of attraction {unknown}
 k - 2 potions of invisibility
 l - 2 potions of heal wounds {unknown}
 n - a potion of berserk rage {unknown}
 o - 2 potions of cancellation {unknown}
 p - a potion of curing {unknown}


   Skills:
 + Level 2.8 Fighting
 - Level 2.8 Dodging
 - Level 2.0 Stealth
 - Level 1.0 Shields
 - Level 3.0 Spellcasting
 + Level 5.5 Conjurations


You had 9 spell levels left.
You knew the following spells:

 Your Spells              Type           Power      Damage    Failure   Level
b - Searing Ray           Conj           50%        2d6       3%          2

Your spell library contained the following spells:

 Spells                   Type           Power      Damage    Failure   Level
 Magic Dart               Conj           100%       1d8       1%          1
 Dazzling Flash           Conj/Hex       28%        N/A       19%         3
 Sublimation of Blood     Necr           3%         N/A       28%         2
 Summon Guardian Golem    Hex/Summ       3%         N/A       50%         3
 Fulminant Prism          Conj/Hex       7%         3d7       52%         4
 Iskenderun's Mystic Bla  Conj/Tloc      14%        2d5       52%         4
 Irradiate                Conj/Tmut      7%         3d14      86%         5
 Petrify                  Tmut/Erth      3%         N/A       88%         4
 Orb of Destruction       Conj           12%        9d7       100%        7
 Spellforged Servitor     Conj/Summ      7%         N/A       100%        7


Dungeon Overview and Level Annotations

Branches:
Dungeon (4/15)
 Temple: D:4-7

Altars:
Dithmenos

Shops:
D:2 :


Message History

You climb upwards.
There is a stone staircase leading down here.
You barely miss the gnoll bouda.
The gnoll bouda is moderately wounded.
The gnoll bouda closely misses you.
You closely miss the gnoll bouda.
The gnoll bouda is moderately wounded.
Your attacks no longer feel as feeble.
The gnoll bouda barely misses you.
The gnoll bouda gazes fiercely through you!
You feel your attacks grow feeble.
The gnoll bouda hits you with a +0 whip!
You hit the gnoll bouda.
The gnoll bouda is heavily wounded.
The gnoll bouda mumbles some strange prayers to its god.
The gnoll bouda is healed somewhat.
You hit the gnoll bouda.
The gnoll bouda is moderately wounded.
The gnoll bouda hits you with a +0 whip.
* * * LOW HITPOINT WARNING * * *
The gnoll bouda gazes fiercely through you!
You feel as though you will be weak longer.
You block the gnoll bouda's attack.
You completely miss the gnoll bouda.
The gnoll bouda is moderately wounded.
The gnoll bouda misses you.
You hit the gnoll bouda.
The gnoll bouda is severely wounded.
The gnoll bouda hits you with a +0 whip!
* * * LOW HITPOINT WARNING * * *
The gnoll bouda barely misses you.
You hit the gnoll bouda.
The gnoll bouda is almost dead.
You block the gnoll bouda's attack.
You barely miss the gnoll bouda.
The gnoll bouda is almost dead.
The gnoll bouda hits you with a +0 whip.
* * * LOW HITPOINT WARNING * * *
The gnoll bouda hits you with a +0 whip!
You die...

#.# ##..###.#...... #.#
######..###.#..####
#.###..........)...###.
#.##.....#............>
#............####..#...
####.....#.### #......
##...##.# #.##...
##.....# #.###..
#@###.# #.# ##.
#g###.######.#####
#...............##
#.#####.........## #.#
#.######..## #.# #.#
#.... #.# #.# #.... #.#
#.# #.#.# #.#####.#
#.#.#


You could see a gnoll bouda.

Vanquished Creatures
  4 orc priests (D:3)
  Jessica (D:3)
  5 adders
  2 gnolls (D:4)
  2 worms
  A dart slug (D:2)
  12 orcs (D:3)
  2 ball pythons (D:1)
  4 bats
  6 endoplasms
  5 goblins (D:1)
  3 hobgoblins
  A quokka (D:1)
  6 frilled lizards
  9 kobolds
  5 rats
68 creatures vanquished.

Vanquished Creatures (others)
  2 plants (D:3)
2 creatures vanquished.

Grand Total: 70 creatures vanquished

Notes
Turn   | Place    | Note
-------+----------+-------------------------------------------
     0 | D:1      | atabob the Human Conjurer began the quest for the Orb.
     0 | D:1      | Reached XP level 1. HP: 13/13 MP: 3/3
   220 | D:1      | Reached XP level 2. HP: 19/19 MP: 1/5
   646 | D:1      | Reached XP level 3. HP: 12/24 MP: 3/6
  1269 | D:2      | Found Saobei's Book Shop.
  1275 | D:2      | Learned a level 2 spell: Searing Ray
  1275 | D:2      | Upgraded the game from 0.29-a0-360-g8ed1089bbe to
                  | 0.30-a0-394-g3e4acdb0ae
  1396 | D:2      | Reached XP level 4. HP: 15/30 MP: 7/7
  1468 | D:2      | Reached skill level 1 in Shields
  1844 | D:3      | Noticed Jessica
  1853 | D:3      | Killed Jessica
  1857 | D:3      | Reached XP level 5. HP: 36/36 MP: 0/9
  2008 | D:3      | Reached skill level 1 in Fighting
  2311 | D:3      | Reached skill level 5 in Conjurations
  2436 | D:3      | Reached XP level 6. HP: 43/44 MP: 10/10
  2488 | D:3      | Found a faded altar of an unknown god.
  2513 | D:3      | Found a shadowy altar of Dithmenos.
  3017 | D:3      | Mangled by a gnoll bouda

Illustrated notes

Levels and vault maps discovered:
D:1:      eino_arrival_tree_alley, layout_rooms, minmay_crystal_room
D:2:      layout_loops_cross, serial_shops, nicolae_shop_behind_doors,
          dreamdust_princess_bridge
D:3:      layout_loops_ring, mainiacjoe_overflow_paths,
          hellmonk_ecumenical_altar_leap_of_faith, lexackson_kobold_supper,
          uniq_jessica
D:4:      layout_basic, nicolae_overflow_crystal_walls,
          mainiacjoe_overflow_alcove_4, minmay_temple_entry_large_hall,
          kennysheep_generic_room_3

Skill      XL: |  1  2  3  4  5 |
---------------+----------------+-----
Shields        | 1 |  1.0
Spellcasting   | 3 |  3.0
Fighting       | 2 |  2.8
Conjurations   | 5 |  5.5
Dodging        | |  2.8
Stealth        | |  2.0

Action                   |  1- 3 |  4- 6 || total
-------------------------+-------+-------++-------
Melee: Unarmed           |     4 |       ||     4
       Short sword       |    66 |    37 ||   103
       Mace              |       |    16 ||    16
 Cast: Magic Dart        |    26 |       ||    26
       Searing Ray       |       |    19 ||    19
  Use: Scroll            |     6 |     2 ||     8
 Stab: Sleeping          |     3 |     1 ||     4
Armor: Robe              |    13 |     6 ||    19
Dodge: Dodged            |    50 |    36 ||    86
       Repelled          |     2 |       ||     2
Block: Buckler           |     4 |    30 ||    34
       Reflection        |       |     1 ||     1

Table legend: (Time is in decaauts)
 A = Elapsed time spent in this place.
 B = Non-inter-level travel time spent in this place.
 C = Inter-level travel time spent in this place.
 D = Time resting spent in this place.
 E = Time spent auto-exploring this place.
 F = Levels seen in this place.
 G = Mean time per level.
                   A        B        C        D        E       F      G
               +--------+--------+--------+--------+--------+-----+--------+
         Total |   3031 |   2928 |    103 |      0 |   2413 |   4 |  757.8 |
       Dungeon |   3031 |   2928 |    103 |      0 |   2413 |   4 |  757.8 |
               +--------+--------+--------+--------+--------+-----+--------+

Top non-repeatable levels by time:
     D:3: 1257 daAuts
     D:1: 987 daAuts
     D:2: 767 daAuts
     D:4: 19 daAuts
